 Dungeon Crawl Stone Soup version 0.30.0-10-gfe55d96785 (webtiles) character file.

Game seed: 3294655037683479602

43 qw the Chopper (level 3, -1/23 HPs)
             Began as a Gargoyle Cinder Acolyte on May 17, 2023.
             Was a High Priest of Ignis.
             Slain by Terence
             ... wielding a +3 falchion of holy wrath
              (6 damage)
             ... on level 2 of the Dungeon.
             The game lasted 00:00:29 (1127 turns).

qw the Chopper (Gargoyle Cinder Acolyte)            Turns: 1127, Time: 00:00:30

Health: -1/23      AC: 17    Str: 19    XL:     3   Next: 58%
Magic:  4/4        EV:  9    Int: 14    God:    Ignis [*****.]
Gold:   31         SH:  0    Dex:  5    Spells: 4/4 levels left

rFire   + . .        Y - -1 hand axe (flame)
rCold   . . .        (no shield)
rNeg    + . .        e - +0 scale mail
rPois   inf          (no helmet)
rElec   +            d - +0 cloak
rCorr   .            (no gloves)
SInv    .            (no boots)
Will    .....        (no amulet) Stlth
                     (no ring)
HPRegen 0.23/turn    (no ring)
MPRegen 0.09/turn

%: no passive effects
@: fiery-armoured
A: sickness immunity, AC +3, negative energy resistance 1, electricity
resistance, torment resistance 1, petrification resistance
a: Renounce Religion, Fiery Armour, Foxfire Swarm, Rising Flame


You were on level 2 of the Dungeon.
You worshipped Ignis.
Ignis was extremely pleased with you.
You visited 1 branch of the dungeon, and saw 2 of its levels.

You collected 31 gold pieces.


Innate Abilities, Weirdness & Mutations

You are immune to sickness and miasma.
Your stone body is resilient. (AC +3)
You are immune to poison.
You resist negative energy. (rN+)
You are resistant to electric shocks. (rElec)
You are resistant to unholy torment.
You are immune to petrification.


   Skills:
 - Level 3.2 Fighting
 + Level 3.9 Axes
 - Level 1.0 Armour
 - Level 1.0 Spellcasting
 - Level 3.0 Fire Magic


You had 4 spell levels left.
You didn't know any spells.
Your spell library contained the following spells:

 Spells                   Type           Power      Damage    Failure   Level
 Scorch                   Fire           18%        2d6       34%         2

Inventory:

Hand Weapons
 Y - a -1 hand axe of flaming (weapon)
Armour
 d - a +0 cloak (worn)
 e - a +0 scale mail (worn)
Potions
 a - a potion of lignification {unknown}
 c - a potion of magic {unknown}

Dungeon Overview and Level Annotations

Branches:
Dungeon (2/15)

Altars:

Shops:
D:1 *   D:2 [

Annotations:
D:2 Terence


Message History

Terence the Incautious comes into view.
He is wielding a +3 falchion of holy wrath.
Found 6 poisoned darts.
Terence shouts!
There is a large open door here.
A bat comes into view.
1116 ||| Stepping ~*~*~tactically~*~*~ (stealth).
There is a large open door here.
You hit Terence. You burn Terence.
Terence is lightly wounded.
Terence hits you with a +3 falchion of holy wrath.
The bat hits you but does no damage.
You barely miss Terence.
Terence is lightly wounded.
You slash the bat! You burn the bat.
You kill the bat!
Terence hits you with a +3 falchion of holy wrath.
You hit Terence but do no damage.
Terence is lightly wounded.
Terence hits you but does no damage.
You barely miss Terence.
Terence is lightly wounded.
Terence hits you with a +3 falchion of holy wrath.
1124 ||| INVOKING Fiery Armour.
A protective cloak of flame settles atop you.
Terence hits you but does no damage.
Terence is burned by your cloak of flames.
Terence is heavily wounded.
You hit Terence but do no damage.
Terence is heavily wounded.
Terence barely misses you.
You barely miss Terence.
Terence is heavily wounded.
Terence hits you with a +3 falchion of holy wrath.
Terence is burned by your cloak of flames.
Terence is heavily wounded.
You hit Terence. You burn Terence.
Terence is severely wounded.
Terence drinks a potion.
Terence is healed!
Terence hits you with a +3 falchion of holy wrath.
You die...

# # # ##+##### #
#......# # #..~~~~# #
#....\~+
##############..~~~~#
....................#
##........######@...#
#........# #@...#
#........#.........#
##########........##
#..........
#....>......
#.............
#............(
##+###........


You could see Terence.

Vanquished Creatures
  An adder (D:2)
  A worm (D:2)
  A ball python (D:1)
  6 bats
  4 endoplasms
  A giant cockroach (D:1)
  3 goblins (D:1)
  3 hobgoblins
  A kobold (D:1)
  3 quokkas
  A frilled lizard (D:2)
  3 rats
28 creatures vanquished.

Notes
Turn   | Place    | Note
-------+----------+-------------------------------------------
     0 | D:1      | qw the Gargoyle Cinder Acolyte began the quest for the Orb.
     0 | D:1      | Reached XP level 1. HP: 14/14 MP: 2/2
     0 | D:1      | 0 ||| qw: Version: 0.2-a-95-g4c1bab1
     0 | D:1      | 0 ||| qw: Game counter: 156
     0 | D:1      | 0 ||| qw: Always use a shield: true
     0 | D:1      | 0 ||| qw: God list: Okawaru
     0 | D:1      | 0 ||| qw: Allow faded altars: false
     0 | D:1      | 0 ||| qw: Do Orc after D:15 true
     0 | D:1      | 0 ||| qw: Do second Lair branch before Depths: true
     0 | D:1      | 0 ||| qw: Lair rune preference: random
     0 | D:1      | 0 ||| qw: Plans: Normal
     0 | D:1      | 0 ||| PLANNING D:1-11
   134 | D:1      | Reached skill level 3 in Axes
   183 | D:1      | Reached XP level 2. HP: 19/19 MP: 3/3
   290 | D:1      | HP: 4/19 [goblin/+0 club (3)]
   291 | D:1      | 291 ||| INVOKING Fiery Armour.
   523 | D:1      | Found Zeputt's Assorted Antiques.
   528 | D:1      | 528 ||| SHOPLISTING 2 emerald potions (46 gold, have 0).
   528 | D:1      | 528 ||| SHOPLISTING chain mail (117 gold, have 0).
   528 | D:1      | 528 ||| SHOPLISTING metallic white potion (23 gold, have
                  | 0).
   528 | D:1      | 528 ||| SHOPLISTING pair of gloves (117 gold, have 0).
   528 | D:1      | 528 ||| SHOPLISTING scroll labelled WEIGEK XAUT (26 gold,
                  | have 0).
   528 | D:1      | 528 ||| SHOPLISTING shiny ice dragon scales (1638 gold,
                  | have 0).
   938 | D:1      | 938 ||| UPGRADING to +0 cloak.
   943 | D:1      | 943 ||| UPGRADING to +0 scale mail.
   953 | D:1      | 953 ||| DROPPING +0 robe.
   954 | D:1      | 954 ||| READING scroll labelled DITZES KOME.
   955 | D:1      | 955 ||| DRINKING 2 murky red potions.
   956 | D:1      | 956 ||| DROPPING potion of flight.
   981 | D:2      | Reached XP level 3. HP: 23/23 MP: 4/4
   993 | D:2      | Reached skill level 1 in Armour
  1098 | D:2      | Found Zoic's Armour Emporium.
  1107 | D:2      | 1107 ||| SHOPLISTING +2 pair of gloves of strength (236
                  | gold, have 31).
  1107 | D:2      | 1107 ||| SHOPLISTING -2 tower shield of Japp {rC- rN+
                  | Int+5} (101 gold, have 31).
  1113 | D:2      | Noticed Terence
  1116 | D:2      | 1116 ||| Stepping ~*~*~tactically~*~*~ (stealth).
  1124 | D:2      | 1124 ||| INVOKING Fiery Armour.
  1126 | D:2      | HP: 5/23 [Terence/+3 falchion of holy wrath (5)]
  1127 | D:2      | Slain by Terence

Levels and vault maps discovered:
D:1:      psy_arrival_dodecagon, layout_loops_corners, serial_shops,
          nicolae_shop_rolling_square, minmay_misc_feat_columns,
          chequers_serial_rivers_micro_c
D:2:      layout_basic, serial_shops, nicolae_shop_peninsula, uniq_terence

Skill      XL: |  1  2  3 |
---------------+----------+-----
Axes           | 3 |  3.9
Armour         | 1 |  1.0
Fighting       | |  3.2
Spellcasting   | |  1.0
Fire Magic     | |  3.0

Action                     || total
---------------------------++-------
  Melee: Hand axe          ||    71
 Invoke: Fiery Armour      ||     2
    Use: Scroll            ||     1
         Potion            ||     1
 Armour: Robe              ||     6
         Scale mail        ||    17
  Dodge: Dodged            ||    47

Table legend:
 A = Non-vault XP
 B = Vault XP
 C = Vault XP percentage of total XP
 D = Non-vault monster count
 E = Vault monster count
 F = Vault count percentage of total count
                 A         B        C        D         E       F
            +---------+---------+-------+---------+---------+-------
      Total |      62 |       0 |   0.0 |      28 |       0 |   0.0
            +---------+---------+-------+---------+---------+-------
        D:1 |      33 |       0 |   0.0 |      19 |       0 |   0.0
        D:2 |      29 |       0 |   0.0 |       9 |       0 |   0.0
            +---------+---------+-------+---------+---------+-------
